 Dungeon Crawl Stone Soup version 0.30.0-19-g36f170ea60 (webtiles) character file.

Game seed: 16737902743737952246

49 DildoBatman the Conjurer (level 4, -2/32 HPs)
             Began as a Formicid Conjurer on June 1, 2023.
             Succumbed to an adder's poison
             ... on level 4 of the Dungeon.
             The game lasted 00:03:19 (864 turns).

DildoBatman the Conjurer (Formicid Conjurer)         Turns: 864, Time: 00:03:20

Health: -2/32      AC:  2    Str: 12    XL:     4   Next: 1%
Magic:  6/7        EV: 12    Int: 19    God:
Gold:   88         SH:  0    Dex: 12    Spells: 2/8 levels left

rFire   . . .        a - +0 sling
rCold   . . .        (no shield)
rNeg    . . .        n - +0 robe
rPois   .            (helmet unavailable)
rElec   .            (no cloak)
rCorr   .            (no gloves)
SInv    +            (no boots)
Will    .....        (no amulet)
Stlth   ++           (no ring)
HPRegen 0.25/turn    (no ring)
MPRegen 0.10/turn

%: no passive effects
@: lethally poisoned (-2 -> -11)
A: permanent stasis, dig shafts and tunnels, antennae 3, four strong arms
a: Dig, Shaft Self


You were on level 4 of the Dungeon.
You visited 1 branch of the dungeon, and saw 3 of its levels.

You collected 88 gold pieces.

Inventory:

Hand Weapons
 a - a +0 sling (weapon)
 b - a +2 vampiric dagger
Missiles
 g - 12 stones
Armour
 n - a +0 robe (worn)
Scrolls
 e - a scroll of magic mapping {unknown}
 f - a scroll of amnesia {unknown}
 h - a scroll of identify {unknown}
 i - a scroll of immolation {unknown}
 j - a scroll of fear {unknown}
 l - 2 scrolls of fog {unknown}
 m - a scroll of teleportation {unknown}
 q - a scroll of poison {unknown}
Potions
 c - a potion of magic
 d - a potion of curing {unknown}
 k - a potion of heal wounds {unknown}
 o - 2 potions of might {unknown}
 p - a potion of lignification {unknown}


   Skills:
 * Level 1.4 Fighting
 * Level 1.1 Armour
 * Level 2.1 Dodging
 - Level 3.0 Stealth
 * Level 2.5 Spellcasting
 * Level 3.8 Conjurations


You had 2 spell levels left.
You knew the following spells:

 Your Spells              Type           Power      Damage    Failure   Level
a - Searing Ray           Conj           34%        2d5       4%          2
b - Frozen Ramparts       Ice            4%         1d1       43%         3
c - Magic Dart            Conj           68%        1d6       3%          1

Your spell library contained the following spells:

 Spells                   Type           Power      Damage    Failure   Level
 Freeze                   Ice            8%         1d3       16%         1
 Lesser Beckoning         Tloc           4%         N/A       24%         2
 Dazzling Flash           Conj/Hex       18%        N/A       22%         3
 Hailstorm                Conj/Ice       9%         3d4       22%         3
 Gell's Gravitas          Tloc           2%         N/A       43%         3
 Teleport Other           Tloc           2%         N/A       43%         3
 Fulminant Prism          Conj/Hex       4%         3d5       58%         4
 Iskenderun's Mystic Bla  Conj/Tloc      9%         2d4       58%         4
 Arcjolt                  Conj/Air       4%         1d14      90%         5
 Plasma Beam              Fire/Air       1%         2x1d12    100%        6
 Vhi's Electric Charge    Tloc/Air       Unusable   N/A       N/A         3

Dungeon Overview and Level Annotations

Branches:
Dungeon (4/15)
 Temple: D:4-7

Altars:


Innate Abilities, Weirdness & Mutations

You cannot be hasted, slowed, berserked, paralysed or teleported.
You can dig through walls and to a lower floor.
You have a pair of large antennae on your head. (SInv)
Your four strong arms can wield two-handed weapons with a shield.


Message History

Anything else - Cancel.
You shout for attention!
The giant cockroach waves its antennae.
The giant cockroach bites you but does no damage.
The endoplasm jiggles.
The endoplasm closely misses you. What are your orders? t - Shout!
Orders for allies: a - Attack new target. r - Retreat! s - Stop attacking. g - Guard the area. f - Follow me.
Anything else - Cancel.
You shout for attention!
The giant cockroach closely misses you. The endoplasm freezes you.
You are frozen.
The adder bites you.
You are poisoned.
The adder poisons you! What are your orders? t - Shout!
Orders for allies: a - Attack new target. r - Retreat! s - Stop attacking. g - Guard the area. f - Follow me.
Anything else - Cancel.
You shout for attention!
You feel sick. The giant cockroach barely misses you. The adder bites you.
You are more poisoned.
The adder poisons you! The endoplasm hits you. What are your orders? t - Shout!
Orders for allies: a - Attack new target. r - Retreat! s - Stop attacking. g - Guard the area. f - Follow me.
Anything else - Cancel.
You shout for attention!
You die...

### ..
..#####.#
...#.#..#
####.......#
##...........
.##.........#
............#
#...S@B#
#.>.#.J## #.
#.## .. .##
.. .. ...


You could see an adder, an endoplasm and a giant cockroach.

Vanquished Creatures
  An adder (D:2)
  2 ball pythons
  An endoplasm (D:1)
  2 giant cockroaches (D:1)
  11 goblins
  3 hobgoblins
  4 jackals (D:2)
  2 quokkas (D:2)
  2 bats
  A frilled lizard (D:1)
  3 kobolds
  2 rats (D:1)
34 creatures vanquished.

Notes
Turn   | Place    | Note
-------+----------+-------------------------------------------
     0 | D:1      | DildoBatman the Formicid Conjurer began the quest for the
                  | Orb.
     0 | D:1      | Reached XP level 1. HP: 13/13 MP: 3/3
   231 | D:1      | Reached XP level 2. HP: 20/20 MP: 3/5
   234 | D:1      | Learned a level 2 spell: Searing Ray
   623 | D:1      | Found a faded altar of an unknown god.
   701 | D:2      | Reached skill level 1 in Fighting
   703 | D:2      | Reached XP level 3. HP: 25/26 MP: 4/6
   739 | D:2      | Reached skill level 1 in Armour
   808 | D:2      | Learned a level 3 spell: Frozen Ramparts
   832 | D:2      | Reached XP level 4. HP: 32/32 MP: 3/7
   834 | D:2      | You fall into a shaft and drop 2 floors!
   863 | D:4      | HP: 1/32 [endoplasm (2)]
   864 | D:4      | Succumbed to an adder's poison

Illustrated notes

Levels and vault maps discovered:
D:1:      psy_arrival_radial02, layout_rooms,
          shapermc_ecumenical_altar_mp_ritualfount
D:2:      layout_rooms, kennysheep_another_room, uniq_terence, uniq_robin
D:4:      gammafunk_steamed_eel, layout_cave_pools,
          nicolae_gozag_zags_fifth_avenue, minmay_temple_entry_tees,
          gammafunk_ghost_abyssal_escape, minmay_hollow_rounded_squares

Skill      XL: |  1  2  3 |
---------------+----------+-----
Fighting       | 1 |  1.4
Dodging        | 2 |  2.1
Stealth        | 3 |  3.0
Armour         | 1 |  1.1
Spellcasting   | |  2.5
Conjurations   | |  3.8

Action                     |  1- 3 |  4- 6 || total
---------------------------+-------+-------++-------
  Melee: Dagger            |     4 |       ||     4
   Fire: Sling             |    51 |       ||    51
   Cast: Magic Dart        |    24 |       ||    24
         Searing Ray       |     4 |       ||     4
Ability: Shaft Self        |       |     1 ||     1
 Armour: Robe              |     9 |     5 ||    14
  Dodge: Dodged            |    23 |    11 ||    34
